 Dungeon Crawl Stone Soup version 0.26-a0-1033-gd598b01645 (webtiles) character file.

Game seed: 531013285689247208

2105 Murumi the Chucker (level 9, 0/88 HPs)
             Began as an Ogre Conjurer on Dec 10, 2020.
             Was a Follower of Okawaru.
             Slain by a white imp (5 damage)
             ... on level 7 of the Dungeon.
             The game lasted 00:33:07 (7958 turns).

Murumi the Chucker (Ogre Conjurer)                  Turns: 7958, Time: 00:33:07

Health: 0/88       AC:  4    Str: 16    XL:     9   Next: 28%
Magic:  6/13       EV: 10    Int: 25    God:    Okawaru [*.....]
Gold:   222        SH:  0    Dex:  7    Spells: 11/14 levels left

rFire    . . .     SeeInvis .   d - +2 mace (vorpal)
rCold    . . .     Faith    .   (no shield)
rNeg     . . .     Spirit   .   B - +1 robe {Will+}
rPois    .         Reflect  .   (helmet restricted)
rElec    .         Harm     .   (no cloak)
rCorr    .         Rampage  .   (gloves unavailable)
Will     +....                  (boots unavailable)
Stlth    ++........             (no amulet)
HPRegen  0.24/turn              y - +6 ring of intelligence
MPRegen  0.13/turn              (no ring)

@: no status effects
A: large, unfitting armour, tough skin 1
a: Heroism, Renounce Religion


You were on level 7 of the Dungeon.
You worshipped Okawaru.
Okawaru was aware of your devotion.
You visited 1 branch of the dungeon, and saw 7 of its levels.

You collected 292 gold pieces.
You spent 70 gold pieces at shops.

Inventory:

Hand Weapons
 d - a +2 vorpal mace (weapon)
 e - a +0 whip
 v - a +1 dire flail of holy wrath
Missiles
 a - 10 large rocks
 c - 188 stones (quivered)
 j - 2 javelins
 l - 4 boomerangs of dispersal
 r - 32 poisoned darts
 w - 3 curare-tipped darts
Armour
 B - a +1 robe of willpower (worn)
Jewellery
 y - a +6 ring of intelligence (left hand)
Wands
 z - a wand of polymorph (9)
Scrolls
 g - 3 scrolls of remove curse
 o - 3 scrolls of magic mapping
 q - a scroll of blinking
 s - 7 scrolls of teleportation
 A - 2 scrolls of identify
Potions
 b - a potion of lignification
 f - 2 potions of mutation
 h - 3 potions of curing
 i - a potion of ambrosia {unknown}
 k - 2 potions of degeneration {unknown}
 m - 2 potions of might {unknown}
 n - a potion of heal wounds {unknown}
 p - a potion of flight {unknown}
 t - a potion of berserk rage {unknown}
 u - a potion of attraction {unknown}
 x - 2 potions of cancellation {unknown}


   Skills:
 - Level 5.0 Fighting
 + Level 5.7 Maces & Flails
 - Level 7.0 Throwing
 - Level 2.0 Dodging
 - Level 4.0 Stealth
 - Level 3.0 Spellcasting
 - Level 4.0 Conjurations
 - Level 2.0 Invocations
 - Level 1.0 Evocations


You had 11 spell levels left.
You knew the following spells:

 Your Spells              Type           Power        Failure   Level
a - Magic Dart            Conj           ###.         1%          1
b - Searing Ray           Conj           ###...       3%          2

Your spell library contained the following spells:

 Spells                   Type           Power        Failure   Level
 Dazzling Flash           Conj/Hex       ##....       13%         3
 Fulminant Prism          Conj/Hex       ##........   41%         4
 Iskenderun's Mystic Bla  Conj/Tloc      ##......     41%         4


Dungeon Overview and Level Annotations

Branches:
Dungeon (7/15)
 Temple: D:4-7

Altars:
Okawaru
Ru
Trog
Zin

Shops:
D:5 *

Annotations:
D:1 Fly


Innate Abilities, Weirdness & Mutations

You are too large for most types of armour.
You have tough skin. (AC +1)


Message History

You finish channeling your searing ray.
The centaur hits you.
* * * LOW HITPOINT WARNING * * *
The centaur hits you.
* * * LOW HITPOINT WARNING * * *
The white imp gestures at you. The puff of frost hits you.
* * * LOW HITPOINT WARNING * * *
Casting: Searing Ray (safe; 3% risk of failure)
Confirm with . or Enter, or press ? or * to list all spells.
Aiming: Searing Ray (safe; 3% risk of failure)
Press: ? - help, Shift-Dir - straight line, f/p - centaur
Aim: a centaur, quivering 22 arrows (almost dead, 13% to evade)
The searing ray hits the centaur.
You kill the centaur!
Okawaru accepts your kill. (Press . to maintain the ray.)
The white imp hits you.
* * * LOW HITPOINT WARNING * * *
The white imp freezes you.
You die...

#.. .. #.#..# .#
###.#...#.#
.........#
........
##..##.####.#..
..#8..8#.<.......
#..>?5.$####.##.
#..(.)@....#
..#8..8####.#
##..# # #####
#(.. #<..# ...#
#.#.# #.## #.# #
# #.# ###


You could see a white imp.

Vanquished Creatures
  Prince Ribbit (D:5)
  Sigmund (D:4)
  Edmund (D:4)
  Duvessa (D:5)
  A sky beast (D:6)
  3 phantoms
  An ogre (D:4)
  2 centaurs
  2 bullfrogs
  Dowan (D:5)
  A scorpion (D:6)
  2 howler monkeys
  3 jellies
  7 orc wizards
  A centaur skeleton (D:6)
  An orc priest (D:5)
  2 hounds
  Terence (D:3)
  An iguana (D:2)
  A worker ant (D:5)
  6 gnolls
  5 adders
  2 white imps
  2 ufetubi (D:5)
  3 adder skeletons
  2 worms
  5 leopard geckos
  23 orcs
  4 ball pythons
  4 giant cockroaches
  3 goblins
  9 hobgoblins
  8 jackals
  3 quokkas
  7 bats
  8 frilled lizards
  A giant cockroach zombie (D:5)
  7 kobolds
  A quokka skeleton (D:4)
  10 rats
147 creatures vanquished.

Notes
Turn   | Place    | Note
-------+----------+-------------------------------------------
     0 | D:1      | Murumi the Ogre Conjurer began the quest for the Orb.
     0 | D:1      | Reached XP level 1. HP: 16/16 MP: 3/3
   173 | D:1      | Reached XP level 2. HP: 24/24 MP: 0/5
   176 | D:1      | Learned a level 2 spell: Searing Ray
  1073 | D:2      | Reached XP level 3. HP: 31/31 MP: 5/7
  1202 | D:2      | Reached skill level 1 in Maces & Flails
  1573 | D:2      | Reached skill level 1 in Throwing
  1573 | D:2      | Reached skill level 1 in Fighting
  1573 | D:2      | Reached XP level 4. HP: 11/41 MP: 3/8
  2053 | D:2      | Reached skill level 2 in Throwing
  2301 | D:2      | Reached XP level 5. HP: 40/48 MP: 9/9
  2892 | D:3      | Noticed Terence
  2916 | D:3      | Killed Terence
  3347 | D:3      | Found a bloodstained altar of Trog.
  3552 | D:3      | Found a faded altar of an unknown god.
  3660 | D:4      | You fall into a shaft and drop 1 floor!
  3660 | D:5      | Entered Level 5 of the Dungeon
  3671 | D:4      | Reached skill level 3 in Throwing
  3692 | D:4      | Found a sacrificial altar of Ru.
  3869 | D:4      | Noticed an ogre
  3999 | D:4      | Noticed Sigmund
  4018 | D:4      | Noticed Edmund
  4026 | D:4      | Reached XP level 6. HP: 50/57 MP: 2/10
  4057 | D:4      | Killed Edmund
  4591 | D:4      | Reached skill level 4 in Throwing
  4591 | D:4      | Reached XP level 7. HP: 67/67 MP: 7/11
  4633 | D:4      | Killed Sigmund
  5035 | D:5      | Noticed Prince Ribbit
  5237 | D:5      | Found a glowing silver altar of Zin.
  5283 | D:5      | Reached skill level 5 in Throwing
  5283 | D:5      | Reached XP level 8. HP: 71/78 MP: 12/12
  5559 | D:5      | Killed Prince Ribbit
  5560 | D:5      | Reached skill level 5 in Maces & Flails
  5581 | D:5      | Noticed Duvessa
  5589 | D:5      | Noticed Dowan
  5677 | D:5      | Killed Duvessa
  5692 | D:5      | Killed Dowan
  5693 | D:5      | Reached skill level 6 in Throwing
  5914 | D:5      | Found Govyojiy's Mass Market.
  5991 | D:5      | Found an iron altar of Okawaru.
  5995 | D:5      | Became a worshipper of Warmaster Okawaru
  6013 | D:5      | Bought 5 large rocks for 35 gold pieces
  6013 | D:5      | Bought 5 large rocks for 35 gold pieces
  6469 | D:6      | Reached skill level 5 in Fighting
  6469 | D:6      | Reached skill level 1 in Invocations
  6659 | D:6      | Reached skill level 1 in Evocations
  6722 | D:6      | Reached XP level 9. HP: 80/88 MP: 13/13
  7281 | D:6      | Reached skill level 7 in Throwing
  7699 | D:6      | Reached * piety under Okawaru
  7958 | D:7      | Slain by a white imp

Illustrated notes

Levels and vault maps discovered:
D:1:      erik_arrival_blinker_ship, layout_loops_ring, fountainhead,
          corexii_item_surrounded_by_moat
D:2:      layout_basic, grunt_ministairs_1, minmay_misc_feat_rugged
D:3:      kennysheep_big_flooded_room, layout_loops_ring, marbit_many_paths,
          chequers_ecumenical_altar_grove, minmay_misc_feat_ornament,
          uniq_terence
D:4:      layout_rooms, nicolae_overflow_crystal_walls, uniq_sigmund,
          uniq_edmund
D:5:      layout_rooms, lemuel_crystal_altar, kennysheep_mini_moat,
          chequers_serial_rivers_micro_c, minmay_shop_mass, uniq_prince_ribbit1,
          uniq_duvessa
D:6:      layout_gridville, nicolae_overflow_hidden_temple, nrook_mini_vaults
D:7:      layout_basic, lemuel_round_altar, gammafunk_temple_overflow_claw,
          lemuel_temple_firewalk_a, ebering_ghost_disaster_area, st_stairs_6

Skill      XL: |  1  2  3  4  5  6  7  8  9 |
---------------+----------------------------+-----
Conjurations   | 4 |  4.0
Spellcasting   | 3 |  3.0
Dodging        | 2 |  2.0
Stealth        | 2 3 4 |  4.0
Maces & Flails | 1 3 4 5 |  5.7
Throwing       | 1 2 3 4 5 6 7 |  7.0
Fighting       | 1 2 3 4 5 |  5.0
Invocations    | 2 |  2.0
Evocations     | 1 |  1.0

Action                   |  1- 3 |  4- 6 |  7- 9 || total
-------------------------+-------+-------+-------++-------
Melee: Mace              |     6 |    39 |    96 ||   141
       Dire flail        |       |       |    39 ||    39
Throw: Stone             |    14 |    11 |   130 ||   155
       Javelin           |       |     3 |     3 ||     6
       Dart              |       |    28 |    28 ||    56
       Boomerang         |       |     4 |       ||     4
 Cast: Magic Dart        |    49 |    69 |     5 ||   123
       Searing Ray       |     3 |     7 |    20 ||    30
  Use: Scroll            |     6 |     6 |     2 ||    14
 Stab: Sleeping          |     1 |     1 |     2 ||     4
Armor: Robe              |     5 |    14 |    39 ||    58
Dodge: Dodged            |    13 |    28 |    83 ||   124

Table legend: (Time is in decaauts)
 A = Elapsed time spent in this place.
 B = Non-inter-level travel time spent in this place.
 C = Inter-level travel time spent in this place.
 D = Time resting spent in this place.
 E = Time spent auto-exploring this place.
 F = Levels seen in this place.
 G = Mean time per level.
                   A        B        C        D        E       F      G
               +--------+--------+--------+--------+--------+-----+--------+
         Total |   7962 |   7538 |    424 |     87 |   6462 |   7 | 1137.4 |
       Dungeon |   7962 |   7538 |    424 |     87 |   6462 |   7 | 1137.4 |
               +--------+--------+--------+--------+--------+-----+--------+

Top non-repeatable levels by time:
     D:5: 1685 daAuts
     D:6: 1450 daAuts
     D:2: 1329 daAuts
     D:3: 1316 daAuts
     D:4: 1076 daAuts
     D:1: 1022 daAuts
     D:7: 81 daAuts
